 Dungeon Crawl Stone Soup version 0.28-a0-1406-ga8dd43b1d0 (webtiles) character file.

Game seed: 7885856580700552382

171 Lekart the Skirmisher (level 5, -8/47 HPs)
             Began as a Draconian Fighter on Jan 6, 2022.
             Was a Priest of Cheibriados.
             Killed from afar by Ijyb (25 damage)
             ... with a bolt of acid
             ... on level 3 of the Dungeon.
             The game lasted 00:02:01 (2570 turns).

Lekart the Skirmisher (Draconian Fighter)           Turns: 2570, Time: 00:02:02

Health: -8/47      AC:  6    Str: 25    XL:     5   Next: 26%
Magic:  5/5        EV: 13    Int: 14    God:    Cheibriados [***...]
Gold:   140        SH:  5    Dex: 18    Spells: 4/4 levels left

rFire   . . .      SeeInvis .   f - +0 dagger (venom)
rCold   . . .      Faith    .   b - +0 buckler
rNeg    . . .      Spirit   .   (armour unavailable)
rPois   .          Reflect  .   (helmet restricted)
rElec   .          Harm     .   i - +0 cloak
rCorr   .          Rampage  .   (no gloves)
Will    .....                   (no boots)
Stlth   ++........              (no amulet)
HPRegen 0.15/turn               (no ring)
MPRegen 0.09/turn               (no ring)

@: very slow
A: AC +5, unfitting armour, cold-blooded
a: Renounce Religion, Bend Time, Temporal Distortion


You were on level 3 of the Dungeon.
You worshipped Cheibriados.
Cheibriados was most pleased with you.
You visited 1 branch of the dungeon, and saw 3 of its levels.

You collected 140 gold pieces.

Inventory:

Hand Weapons
 a - a +0 long sword
 f - a +0 dagger of venom (weapon)
Armour
 b - a +0 buckler (worn)
 i - a +0 cloak (worn)
Scrolls
 d - a scroll of immolation {unknown}
 e - a scroll of noise {unknown}
 g - a scroll of enchant armour {unknown}
Potions
 c - a potion of might
 h - 2 potions of heal wounds {unknown}


   Skills:
 * Level 4.8 Fighting
 + Level 1.6(2.4) Short Blades
 + Level 2.6(2.9) Long Blades
 + Level 3.5 Dodging
 + Level 3.4 Shields


You had 4 spell levels left.
You didn't know any spells.
Your spell library contained the following spells:

 Spells                   Type           Power      Damage    Failure   Level
 Dazzling Flash           Conj/Hex       0%         N/A       75%         3
 Iskenderun's Mystic Bla  Conj/Tloc      0%         2d3       98%         4
 Starburst                Conj/Fire      0%         6d3       100%        6


Dungeon Overview and Level Annotations

Branches:
Dungeon (3/15)

Altars:
Cheibriados
Kikubaaqudgha
Vehumet

Shops:
D:3 :(

Annotations:
D:3 Ijyb


Innate Abilities, Weirdness & Mutations

Your plain brown scales are hard. (AC +5)
You cannot fit into any form of body armour.
You are cold-blooded and may be slowed by cold attacks.


Message History

Cheibriados appreciates the change of pace.
Ijyb the Twisted Goblin comes into view.
She is wielding a +0 club and carrying a wand of acid (4).
Ijyb grins evilly.
Ijyb is nearby!
Ijyb barely misses you. x2
You miss Ijyb. Ijyb hits you with a +0 club.
You closely miss Ijyb. Ijyb hits you but does no damage.
You miss Ijyb. You tail-slap Ijyb, but do no damage. You closely miss Ijyb.
Your tail-slap misses Ijyb.
You block Ijyb's attack.
You hit Ijyb.
Ijyb is poisoned.
Ijyb is lightly wounded.
Ijyb closely misses you.
You barely miss Ijyb.
Ijyb is lightly wounded.
Ijyb closely misses you.
You hit Ijyb but do no damage.
Ijyb is lightly wounded.
Ijyb misses you.
You hit Ijyb but do no damage.
Ijyb looks as sick as possible!
Ijyb is lightly wounded.
Ijyb zaps a wand.
The bolt of acid hits you!!
Ouch! That really hurt!
You are too injured to fight recklessly!
You are too injured to fight recklessly!
You are too injured to fight recklessly!
You are too injured to fight recklessly!
You hit Ijyb but do no damage.
Ijyb is lightly wounded.
Ijyb misses you. You block Ijyb's attack. Ijyb barely misses you.
Items here: ! ( ) ?.
You hit Ijyb but do no damage.
Ijyb looks as sick as possible!
Ijyb is moderately wounded.
Ijyb barely misses you.
You hit Ijyb.
Your tail-slap misses Ijyb.
Ijyb is heavily wounded.
Ijyb zaps a wand.
The bolt of acid hits you!!
Ouch! That really hurt!
You die...

#####.# #.# ## #.#
.####'##### ######
..#.......### ###.....
.^..........# #....###
............# #......#
....###.....######......#
.......#.#.###..@g..##'##
.......#.....#.###..†...#
.............#.#.'..!...#
....#######....#.#......#
....#.....#..###.#......#
....#.....#......#......#
....'.._..#...............
....#.....#.###.....##....#
....#.....#.# ##.#### ###.#


You could see Ijyb (extremely poisoned).

Vanquished Creatures
  Pargi (D:3)
  2 adders (D:2)
  A dart slug (D:2)
  An orc (D:3)
  3 endoplasms
  3 giant cockroaches
  2 goblins
  6 hobgoblins
  6 jackals
  5 kobolds
  4 quokkas
  3 ball pythons
  4 bats
  A frilled lizard (D:1)
  7 rats
49 creatures vanquished.

Notes
Turn   | Place    | Note
-------+----------+-------------------------------------------
     0 | D:1      | Lekart the Draconian Fighter began the quest for the Orb.
     0 | D:1      | Reached XP level 1. HP: 19/19 MP: 1/1
   487 | D:1      | Found a faded altar of an unknown god.
   490 | D:1      | Prayed at the altar of an unknown god.
   490 | D:1      | Became a worshipper of Cheibriados the Contemplative
   490 | D:1      | Reached * piety under Cheibriados
   795 | D:1      | Reached XP level 2. HP: 21/26 MP: 2/2
  1350 | D:2      | Reached skill level 4 in Fighting
  1557 | D:2      | Found an ancient bone altar of Kikubaaqudgha.
  1580 | D:2      | Reached XP level 3. HP: 33/33 MP: 3/3
  1596 | D:2      | Reached ** piety under Cheibriados
  2295 | D:3      | Found a radiant altar of Vehumet.
  2319 | D:3      | Reached skill level 1 in Short Blades
  2324 | D:3      | Reached XP level 4. HP: 36/41 MP: 4/4
  2383 | D:3      | Found Huphiew's Weapon Boutique.
  2392 | D:3      | Found Niroitofoch's Book Boutique.
  2392 | D:3      | Noticed Pargi
  2401 | D:3      | Killed Pargi
  2402 | D:3      | Reached XP level 5. HP: 33/47 MP: 5/5
  2535 | D:3      | Reached *** piety under Cheibriados
  2552 | D:3      | Noticed Ijyb
  2570 | D:3      | Killed from afar by Ijyb

Illustrated notes

Levels and vault maps discovered:
D:1:      lightli_arrival_statuegarden, layout_basic,
          shapermc_ecumenical_altar_mp_ritualfount
D:2:      layout_basic, basic_altar
D:3:      layout_basic, amcnicky_altar_gilded, serial_shops,
          nicolae_shop_waterfront, shop_fountains, nicolae_shop_crystal, shop,
          uniq_pargi, uniq_ijyb

Skill      XL: |  1  2  3 |
---------------+----------+-----
Fighting       | 4 |  4.8
Dodging        | 3 |  3.5
Short Blades   | 1 |  1.6
Long Blades    | |  2.6
Shields        | |  3.4

Action                   |  1- 3 |  4- 6 || total
-------------------------+-------+-------++-------
Melee: Long sword        |    26 |       ||    26
       Tailslap          |    10 |     6 ||    16
       Dagger            |    96 |    25 ||   121
 Stab: Sleeping          |     3 |     1 ||     4
Armor: Skin              |    43 |     3 ||    46
Dodge: Dodged            |    78 |    22 ||   100
Block: Buckler           |    33 |     5 ||    38

Table legend: (Time is in decaauts)
 A = Elapsed time spent in this place.
 B = Non-inter-level travel time spent in this place.
 C = Inter-level travel time spent in this place.
 D = Time resting spent in this place.
 E = Time spent auto-exploring this place.
 F = Levels seen in this place.
 G = Mean time per level.
                   A        B        C        D        E       F      G
               +--------+--------+--------+--------+--------+-----+--------+
         Total |   3099 |   2975 |    124 |      0 |   2611 |   3 | 1033.0 |
       Dungeon |   3099 |   2975 |    124 |      0 |   2611 |   3 | 1033.0 |
               +--------+--------+--------+--------+--------+-----+--------+

Top non-repeatable levels by time:
     D:1: 1517 daAuts
     D:2: 1077 daAuts
     D:3: 504 daAuts
